 Dungeon Crawl Stone Soup version 0.23-a0-171-g5ae17c6 (webtiles) character file.

87734 Amnesiac the Destroyer (level 15, 0/90 HPs)
             Began as a Mummy Ice Elementalist on Sept 12, 2018.
             Was the Champion of Vehumet.
             Slain by a naga warrior
             ... wielding a +1 mace of protection
              (5 damage)
             ... on level 2 of the Snake Pit.
             The game lasted 01:18:54 (30165 turns).

Amnesiac the Destroyer (Mummy Ice Elementalist)    Turns: 30165, Time: 01:18:54

Health: 0/90       AC: 19    Str: 11    XL:     15   Next: 44%
Magic:  2/33       EV:  7    Int: 21    God:    Vehumet [******]
Gold:   1802       SH:  0    Dex: 13    Spells: 15/42 levels left

rFire    x x x     SeeInvis .   C - staff of cold
rCold    + + +     Gourm    .   (no shield)
rNeg     + + +     Faith    .   c - +4 ring mail
rPois    ∞         Spirit   .   s - +2 helmet
rElec    .         Reflect  .   F - scarf {repulsion}
rCorr    +         Harm     .   y - +1 pair of gloves of Ereshrusm {rF- Regen+ rCorr}
MR       +....                  E - +4 pair of boots of Ashenzari's Pride {rC+++ rN+ Regen+ Str-5}
Stlth    +.........             k - amulet of the acrobat
HPRegen  1.05/turn              P - +5 ring of strength
MPRegen  0.23/turn              B - ring of ice

@: constricted, studying Short Blades, repel missiles
A: no food or potions, fire vulnerability, cold resistance 1, negative energy
resistance 3, torment resistance, unbreathing, in touch with death 1
a: Renounce Religion


You were on level 2 of the Snake Pit.
You worshipped Vehumet.
Vehumet was exalted by your worship.
You were not hungry.

You visited 5 branches of the dungeon, and saw 23 of its levels.
You also visited: Labyrinth and Ice Cave.

You collected 2058 gold pieces.
You spent 256 gold pieces at shops.

Inventory:

Hand Weapons
 p - a +0 blowgun
 N - the +8 scimitar of Perversion {venom, +Fly rC++}
   (You found it on level 6 of the Lair of Beasts)

   It poisons the flesh of those it strikes.
   It greatly protects you from cold.
   It lets you fly.
Missiles
 f - 20 curare-tipped needles
 q - 52 poisoned needles
Armour
 c - a +4 ring mail (worn)
 s - a +2 helmet (worn)
 y - the +1 pair of gloves of Ereshrusm (worn) {rF- Regen+ rCorr}
   (You acquired it on level 2 of the Lair of Beasts)

   It makes you vulnerable to fire.
   It increases your rate of regeneration.
   It provides partial protection from all sources of acid and corrosion.
 E - the +4 pair of boots of Ashenzari's Pride (worn) {rC+++ rN+ Regen+ Str-5}
   (You acquired it on level 2 of the Lair of Beasts)

   It affects your strength (-5).
   It renders you almost immune to cold.
   It protects you from negative energy.
   It increases your rate of regeneration.
 F - a scarf of repulsion (worn)
Magical Staves
 a - an uncursed staff of conjuration
 u - an uncursed staff of air
 C - an uncursed staff of cold (weapon)
Jewellery
 i - an uncursed ring of resist corrosion
 k - an amulet of the acrobat (around neck)
 B - a ring of ice (right hand)
 P - a +5 ring of strength (left hand)
Wands
 b - a wand of paralysis (15)
 n - a wand of random effects (12)
 w - a wand of enslavement (6)
 A - a wand of flame (20)
 G - a wand of iceblast (27)
 H - a wand of acid (5)
 K - a wand of clouds (1)
 O - a wand of scattershot (10)
Scrolls
 d - 2 scrolls of remove curse {!r}
 e - 3 scrolls of identify {!r}
 g - 3 scrolls of amnesia {!r}
 h - a scroll of fog {!r}
 j - 2 scrolls of teleportation {!r}
 m - a scroll of vulnerability {!r}
 o - a scroll of enchant weapon {!r}
 r - 2 scrolls of blinking {!r}
 t - 3 scrolls of magic mapping {!r}
 x - a scroll of holy word {!r}
 L - a scroll of fear {!r}
 M - a scroll of noise {!r}
 Q - a scroll of brand weapon {!r}
Books
 D - a manual of Short Blades
Miscellaneous
 I - a phial of floods


   Skills:
 - Level 1.5 Dodging
 - Level 1.5 Stealth
 + Level 14.4 Spellcasting
 * Level 14.5 Conjurations
 * Level 14.5 Ice Magic
 - Level 3.0 Evocations


You had 15 spell levels left.
You knew the following spells:

 Your Spells              Type           Power        Failure   Level  Hunger
a - Bolt of Cold          Conj/Ice       ########..   1%          6    N/A
b - Confusing Touch       Hex            ###...       10%         1    N/A
c - Summon Ice Beast      Ice/Summ       #######.     4%          4    N/A
d - Throw Icicle          Conj/Ice       ########     1%          4    N/A
e - Ozocubu's Refrigerat  Ice            ########..   1%          6    N/A
f - Freeze                Ice            ####         1%          1    N/A
g - Throw Frost           Conj/Ice       ######       1%          2    N/A
z - Ozocubu's Armour      Chrm/Ice       #######.     1%          3    N/A

Your spell library contained the following spells:

 Spells                   Type           Power        Failure   Level  Hunger
 Spellforged Servitor     Conj/Summ      #####.....   69%         7    N/A
 Sting                    Conj/Pois      ####         1%          1    N/A
 Mephitic Cloud           Conj/Pois/Air  #####...     1%          3    N/A
 Stone Arrow              Conj/Erth      #####.       1%          3    N/A
 Venom Bolt               Conj/Pois      #####.....   4%          5    N/A
 Freezing Cloud           Conj/Ice/Air   #######...   8%          6    N/A
 Infusion                 Chrm           ###.         10%         1    N/A
 Metabolic Englaciation   Hex/Ice        #######...   14%         5    N/A
 Poisonous Vapours        Pois/Air       ###...       16%         2    N/A
 Shroud of Golubria       Chrm/Tloc      ###.......   16%         2    N/A
 Song of Slaying          Chrm           ###.....     16%         2    N/A
 Olgreb's Toxic Radiance  Pois           ###.....     24%         4    N/A
 Call Canine Familiar     Summ           ###.....     30%         3    N/A
 Confuse                  Hex            ###.....     30%         3    N/A
 Gell's Gravitas          Tloc           ###.......   30%         3    N/A
 Lesser Beckoning         Tloc           ###.......   30%         3    N/A
 Spectral Weapon          Hex/Chrm       ###.....     30%         3    N/A
 Yara's Violent Unravell  Hex/Tmut       ###.......   54%         5    N/A
 Simulacrum               Ice/Necr       ########..   61%         6    N/A
 Petrify                  Tmut/Erth      ###.....     69%         4    N/A
 Ice Form                 Ice/Tmut       Unusable     N/A         4    N/A
 Regeneration             Chrm/Necr      Unusable     N/A         3    N/A

Dungeon Overview and Level Annotations

Branches:
Dungeon (12/15)            Temple (1/1) D:5            Lair (6/6) D:9
  Swamp (0/4) Lair:4        Snake (1/4) Lair:3        Slime (0/5) Lair:6
    Orc (2/2) D:12            Elf (0/3) Orc:2

Altars:
Ashenzari
Cheibriados
Dithmenos
Elyvilon
Fedhas
Gozag
Hepliaklqana
Kikubaaqudgha
Makhleb
Nemelex Xobeh
Okawaru
Qazlal
Ru
Trog
Uskayaw
Vehumet
Wu Jian
Xom
Yredelemnul
Zin
The Shining One
Beogh

Shops:
D:4 =   D:10 ?!*   Orc:1 ?   Orc:2 ([*:


Innate Abilities, Weirdness & Mutations

You do not eat or drink.
Your flesh is vulnerable to fire.
You are immune to poison.
Your flesh is cold resistant. (rC+)
You are immune to negative energy. (rN+++)
You are immune to unholy pain and torment.
You can survive without breathing.
You are in touch with the powers of death.


Message History

The naga warrior constricts you.
Really walk into that cloud of freezing vapour?
The naga warrior's grasp on you weakens, but your attempt to escape fails.
The naga hits you but does no damage.
The naga is engulfed in freezing vapours.
You kill the naga!
Vehumet accepts your kill.
You feel your power returning. The naga warrior spits poison at you.
The splash of poison hits you! You resist. The naga warrior constricts you.
Casting: Bolt of Cold (safe; 1% risk of failure)
Confirm with . or Enter, or press ? or * to list all spells.
Aiming: Bolt of Cold (safe; 1% risk of failure)
Press: ? - help, Shift-Dir - straight line, f - naga warrior
Aim: a naga warrior, wielding a trident (constricting you, catching its breath)
You feel a strong surge of power!
The bolt of cold hits the naga warrior.
The naga warrior is moderately wounded.
The naga warrior spits poison at you.
The splash of poison is repelled.
The splash of poison hits the naga warrior.
The naga warrior appears unharmed.
The naga spits poison at you. The splash of poison hits you! You resist.
The naga warrior hits you with a trident!
* * * LOW HITPOINT WARNING * * *
The naga warrior constricts you.
Unknown command.
Really walk into that cloud of freezing vapour?
You escape the naga warrior's grasp.
You are engulfed in freezing vapours.
You resist.
* * * LOW HITPOINT WARNING * * *
The naga warrior is engulfed in freezing vapours.
The naga warrior hits you but does no damage.
The naga warrior grabs you.
* * * LOW HITPOINT WARNING * * *
The naga warrior constricts you. The naga closely misses you.
You see here a guardian serpent corpse.
You escape the naga warrior's grasp.
The naga warrior spits poison at you.
The splash of poison is repelled.
The splash of poison hits the naga warrior.
The naga warrior appears unharmed.
The naga barely misses you. The naga grabs you. The naga constricts you.
Really read
r - 2 scrolls of blinking {!r}?
Blink to where?
Press: ? - help, Dir - move target cursor, f - you, p - naga warrior
Okay, then.
Unknown command.
Really walk into that cloud of freezing vapour?
You escape the naga's grasp.
You are engulfed in freezing vapours.
You resist.
* * * LOW HITPOINT WARNING * * *
The naga warrior is engulfed in freezing vapours.
The naga warrior misses you. The naga warrior grabs you.
* * * LOW HITPOINT WARNING * * *
The naga warrior constricts you. The naga warrior misses you.
You see here a guardian serpent corpse.
Okay, then.
The naga warrior's grasp on you weakens, but your attempt to escape fails.
You are engulfed in freezing vapours.
You resist. The naga hits you with a hand axe!
* * * LOW HITPOINT WARNING * * *
The naga warrior is engulfed in freezing vapours.
The naga warrior hits you but does no damage.
You die...

##.....#..†...
.......#....# ###
........#.}.# .#(
....#..N....# ..
.†......#...# .#
.#..N#..(# ######.#
.#.......###...#..#
...............#N#####
###..)######..§N@.N..#
#....####.§§######...#
####...)#...# ..#
####(#...# . #N).####
#...# #..(....#
#####>..# ...#


You could see 2 naga warriors and a naga.

Vanquished Creatures
  Gastronok (D:8)
  A stone giant (Orc:2)
  3 ettins (Orc:2)
  A minotaur (Lab)
  Snorg (Orc:2)
  A naga warrior (Snake:1)
  Harold (D:7)
  5 hydras
  4 catoblepae
  A two-headed ogre (D:10)
  14 death yaks
  An orc high priest (Orc:1)
  2 shock serpents (Snake:2)
  A naga sharpshooter (Snake:2)
  Sonja (Lair:1)
  Nergalle (Lair:3)
  A swamp dragon (Lair:4)
  A necromancer (IceCv)
  A mana viper (Snake:2)
  An orc sorcerer (Orc:2)
  10 cyclopes
  A salamander (Snake:2)
  2 manticores (Lair:6)
  13 elephants
  A guardian serpent (Snake:2)
  An ice statue (IceCv)
  6 black mambas
  Joseph (D:7)
  A torpor snail (Lair:5)
  19 spiny frogs
  4 rime drakes
  A kobold demonologist (D:11)
  10 freezing wraiths (IceCv)
  12 komodo dragons
  A polar bear (Lair:5)
  The ghost of eyesofgods1 the Slasher, an amateur DgGl (D:4)
  A troll (D:12)
  24 blink frogs
  2 hornets
  5 slime creatures (D:12)
  Prince Ribbit (D:5)
  10 hippogriffs
  10 dream sheep
  2 wyverns
  48 yaks
  A shadow (D:11)
  A wraith (D:11)
  4 basilisks
  6 nagas
  Menkaure (D:7)
  2 steam dragons
  3 wargs
  2 death yak simulacra (IceCv)
  An acid dragon (D:11)
  3 soldier ants
  14 water moccasins
  9 porcupines
  A black bear (D:11)
  12 orc warriors
  15 ice beasts
  4 sky beasts
  3 phantoms
  2 necrophages
  8 ogres
  10 centaurs
  10 crocodiles
  7 wolves
  2 big kobolds
  2 earth elementals (Lab)
  10 bullfrogs
  2 scorpions
  13 wights
  A spriggan skeleton (Lab)
  8 killer bees
  6 howler monkeys
  An electric eel (Lair:1)
  3 crimson imps
  A centaur zombie (D:7)
  6 draconian simulacra (IceCv)
  2 quasits
  3 bullfrog zombies
  9 hounds
  19 orc priests
  3 centaur skeletons (Lab)
  2 jellies
  A bullfrog skeleton (D:10)
  4 iguanas
  Natasha (thrice) (D:3)
  13 worker ants
  15 orc wizards
  A polar bear simulacrum (IceCv)
  2 troll simulacra (IceCv)
  A spriggan simulacrum (IceCv)
  A wolf simulacrum (IceCv)
  A centaur simulacrum (IceCv)
  2 hound skeletons
  4 naga simulacra (IceCv)
  2 howler monkey skeletons
  11 adders
  6 ogre simulacra (IceCv)
  3 shadow imps
  12 white imps (IceCv)
  2 adder skeletons
  4 worms
  4 dart slugs
  4 leopard geckos
  91 orcs
  5 bats
  7 giant cockroaches
  7 goblins
  9 hobgoblins
  8 jackals
  2 quokkas
  2 frilled lizards (D:3)
  22 kobolds
  2 leopard gecko zombies (D:7)
  A quokka skeleton (D:8)
  8 rats
  15 fungi (Orc:2)
  7 plants (Lair:6)
724 creatures vanquished.

Vanquished Creatures (collateral kills)
  3 blink frogs (Lair:4)
3 creatures vanquished.

Vanquished Creatures (others)
  A bush (Lair:5)
  7 fungi
  7 plants
15 creatures vanquished.

Grand Total: 742 creatures vanquished

Notes
Turn   | Place    | Note
-------+----------+-------------------------------------------
     0 | D:1      | Amnesiac the Mummy Ice Elementalist began the quest for the
                  | Orb.
     0 | D:1      | Reached XP level 1. HP: 13/13 MP: 4/4
   403 | D:3      | Reached XP level 2. HP: 19/19 MP: 2/5
   510 | D:4      | Reached XP level 3. HP: 20/24 MP: 2/7
   514 | D:4      | Learned a level 2 spell: Throw Frost
   518 | D:4      | Learned a level 3 spell: Ozocubu's Armour
   643 | D:4      | Found a burning altar of Makhleb.
   740 | D:4      | Found a sparkling altar of Nemelex Xobeh.
   741 | D:4      | Found a glowing golden altar of the Shining One.
   741 | D:4      | Found a sacrificial altar of Ru.
   743 | D:4      | Found a hazy altar of Hepliaklqana.
   744 | D:4      | Found an ornate altar of the Wu Jian Council.
   745 | D:4      | Found a snail-covered altar of Cheibriados.
   746 | D:4      | Found a shattered altar of Ashenzari.
   785 | D:5      | Entered Level 5 of the Dungeon
   785 | D:5      | Noticed an ice beast
   943 | D:4      | Reached XP level 4. HP: 25/30 MP: 3/9
   970 | D:5      | Noticed a phantom
   977 | D:5      | Learned a level 4 spell: Throw Icicle
  1015 | D:6      | Noticed an ogre
  1024 | D:6      | Noticed a bullfrog
  1035 | D:5      | Killed a bullfrog
  1035 | D:5      | Reached XP level 5. HP: 23/35 MP: 3/11
  1349 | D:6      | Noticed Prince Ribbit
  1364 | D:5      | Killed Prince Ribbit
  1364 | D:5      | Reached skill level 5 in Spellcasting
  1364 | D:5      | Reached skill level 5 in Ice Magic
  1364 | D:5      | Reached XP level 6. HP: 11/41 MP: 3/13
  2005 | D:6      | Noticed an orc warrior
  2079 | D:5      | Killed an ice beast
  2079 | D:5      | Reached XP level 7. HP: 29/46 MP: 3/15
  2100 | D:4      | Learned a level 4 spell: Summon Ice Beast
  2131 | D:3      | Noticed Natasha
  2532 | D:4      | Found Ythrumm's Jewellery Emporium.
  2717 | D:4      | Found a runed gate.
  2719 | D:4      | Found a runed gate.
  2720 | D:4      | Found a runed gate.
  2723 | D:4      | Noticed eyesofgods1's ghost (amateur DgGl)
  2757 | D:4      | Reached skill level 1 in Conjurations
  2914 | D:4      | Found a roughly hewn altar of Beogh.
  3190 | D:3      | Killed Natasha
  3872 | D:5      | Found a staircase to the Ecumenical Temple.
  4043 | Temple   | Entered the Ecumenical Temple
  4191 | Temple   | Became a worshipper of Vehumet
  4342 | D:2      | Found an ancient bone altar of Kikubaaqudgha.
  4424 | D:2      | Reached XP level 8. HP: 52/52 MP: 12/17
  4903 | D:1      | Reached * piety under Vehumet
  4903 | D:1      | Offered knowledge of Sandblast by Vehumet.
  5884 | D:3      | Noticed Natasha
  5891 | D:3      | Killed Natasha
  6031 | D:3      | Noticed Natasha
  6036 | D:3      | Killed Natasha
  6168 | D:4      | Got a warped dagger {antimagic}
  6169 | D:4      | Identified the +5 dagger of the Heavens {antimagic, Str+4}
                  | (You took it off an orc on level 4 of the Dungeon)
  6411 | D:5      | Reached skill level 5 in Conjurations
  6540 | D:6      | Found a blossoming altar of Fedhas.
  6743 | D:6      | Offered knowledge of Shock by Vehumet.
  7062 | D:6      | Reached ** piety under Vehumet
  7186 | D:7      | Noticed Menkaure
  7576 | D:7      | Noticed Harold
  7918 | D:7      | Killed Menkaure
  7918 | D:7      | Reached XP level 9. HP: 44/57 MP: 2/18
  8949 | D:8      | Offered knowledge of Inner Flame by Vehumet.
  9155 | D:8      | Noticed Gastronok
  9495 | D:4      | Killed eyesofgods1's ghost
  9704 | D:7      | Noticed Joseph
  9832 | D:7      | Killed Joseph
 10082 | D:7      | Killed Harold
 10082 | D:7      | Reached XP level 10. HP: 31/63 MP: 3/22
 10296 | D:7      | Reached *** piety under Vehumet
 10598 | D:8      | Killed Gastronok
 11141 | D:8      | Offered knowledge of Dazzling Spray by Vehumet.
 11295 | D:9      | Found a glowing golden altar of the Shining One.
 11381 | D:9      | Found a staircase to the Lair.
 11518 | D:9      | Found a shimmering altar of Xom.
 11933 | D:10     | Entered Level 10 of the Dungeon
 11940 | D:10     | Noticed a two-headed ogre
 11945 | D:10     | Killed a two-headed ogre
 11945 | D:10     | Reached XP level 11. HP: 68/68 MP: 4/24
 12072 | D:10     | Reached **** piety under Vehumet
 12285 | D:10     | Identified Bainomoy's Early Guide to the Arcane Arts
 12342 | D:10     | Offered knowledge of Fulminant Prism by Vehumet.
 12416 | D:10     | HP: 3/68 [orc wizard/puff of flame (21)]
 12541 | Lair:1   | Entered Level 1 of the Lair of Beasts
 13422 | Lair:1   | Reached skill level 10 in Conjurations
 13460 | Lair:1   | Noticed Sonja
 13470 | Lair:1   | Killed Sonja
 13470 | Lair:1   | Reached skill level 10 in Spellcasting
 13470 | Lair:1   | Reached skill level 10 in Ice Magic
 13654 | Lair:2   | Identified 4 scrolls of acquirement {!r}
 13661 | Lair:2   | Got a pair of faintly humming gloves
 13661 | Lair:2   | Got a pair of heavily runed gloves
 13661 | Lair:2   | Got a pair of ichor-stained boots
 13672 | Lair:2   | Identified the +1 pair of gloves of Ereshrusm {rF- Regen+
                  | rCorr} (You acquired it on level 2 of the Lair of Beasts)
 13682 | Lair:2   | Identified the -2 pair of gloves "Daavis" {rPois rC+ Dex+2}
                  | (You acquired it on level 2 of the Lair of Beasts)
 13704 | Lair:2   | Identified the +4 pair of boots of Ashenzari's Pride {rC+++
                  | rN+ Regen+ Str-5} (You acquired it on level 2 of the Lair
                  | of Beasts)
 13831 | Lair:2   | Found a labyrinth entrance.
 13906 | Lair:2   | Learned a level 1 spell: Confusing Touch
 13907 | Lab      | Identified a paperback manual
 13907 | Lab      | Entered a labyrinth
 14264 | Lab      | Noticed a minotaur
 14693 | Lab      | Killed a minotaur
 14829 | Lair:2   | Reached ***** piety under Vehumet
 14829 | Lair:2   | Offered knowledge of Lightning Bolt by Vehumet.
 15097 | Lair:2   | Reached XP level 12. HP: 62/74 MP: 6/26
 15536 | Lair:2   | Got a polished dagger
 15932 | Lair:3   | Noticed Nergalle
 15935 | Lair:3   | Killed Nergalle
 16225 | Lair:3   | Noticed a five-headed hydra
 16228 | Lair:3   | Killed a five-headed hydra
 16292 | Lair:3   | Noticed a death yak
 16293 | Lair:3   | Noticed a death yak
 16295 | Lair:3   | Noticed a death yak
 16297 | Lair:3   | Killed a death yak
 16313 | Lair:3   | Killed a death yak
 16525 | Lair:3   | Found a staircase to the Snake Pit.
 16778 | Lair:2   | Killed a death yak
 16934 | Lair:3   | Identified the +7 dagger of Unwuit Viot {venom, rElec rPois
                  | Int-4} (You found it on level 2 of the Lair of Beasts)
 17257 | Snake:1  | Entered Level 1 of the Snake Pit
 17943 | Lair:4   | Gained mutation: You are in touch with the powers of death.
                  | [Mummy growth]
 17943 | Lair:4   | Reached XP level 13. HP: 79/79 MP: 14/28
 18097 | Lair:4   | Found a staircase to the Swamp.
 19503 | Lair:5   | Got a translucent glaive
 19612 | Lair:6   | Entered Level 6 of the Lair of Beasts
 19956 | Lair:6   | Found a frozen archway.
 19972 | IceCv    | Entered an ice cave
 19999 | IceCv    | Reached skill level 1 in Evocations
 20297 | IceCv    | Identified the cursed +0 glaive of Dunozuh {freeze, rC+}
                  | (You found it on level 5 of the Lair of Beasts)
 20818 | IceCv    | Found an ancient bone altar of Kikubaaqudgha.
 21205 | IceCv    | Offered knowledge of Freezing Cloud by Vehumet.
 22022 | IceCv    | Learned a level 6 spell: Bolt of Cold
 22029 | IceCv    | Learned a level 6 spell: Ozocubu's Refrigeration
 22281 | Lair:6   | Reached XP level 14. HP: 85/85 MP: 5/30
 22387 | Lair:6   | Reached ****** piety under Vehumet
 22963 | Lair:5   | HP: 3/85 [death yak (22)]
 23571 | Lair:6   | Found a staircase to the Slime Pits.
 24025 | Lair:6   | Offered knowledge of Iskenderun's Battlesphere by Vehumet.
 24757 | Lair:6   | Got a translucent scimitar
 25376 | D:10     | Found Naveraag's Assorted Antiques.
 25385 | D:10     | Bought a scroll labeled WUHAONA ZECYPPE for 23 gold pieces
 25385 | D:10     | Bought a tourmaline ring for 115 gold pieces
 25393 | D:10     | Identified the +8 scimitar of Perversion {venom, +Fly rC++}
                  | (You found it on level 6 of the Lair of Beasts)
 25578 | D:10     | Found Gonaizacw's Magic Scroll Boutique.
 25617 | D:10     | Found Nupseuk's Distillery.
 26697 | D:11     | Found a glowing golden altar of the Shining One.
 26823 | D:12     | Found a roughly hewn altar of Beogh.
 26823 | D:12     | Found a staircase to the Orcish Mines.
 26832 | D:12     | Offered knowledge of Fireball by Vehumet.
 27161 | D:12     | Reached XP level 15. HP: 90/90 MP: 16/32
 27805 | Orc:1    | Entered Level 1 of the Orcish Mines
 27805 | Orc:1    | Found Guumyec's Magic Scroll Emporium.
 28056 | Orc:2    | Entered Level 2 of the Orcish Mines
 28083 | Orc:2    | Found Ylug's Book Shoppe.
 28334 | Orc:2    | Found Xoep's Antique Weapon Emporium.
 28527 | Orc:2    | Noticed Snorg
 28545 | Orc:2    | Killed Snorg
 28703 | Orc:2    | Found Poorhekk's Antique Armour Shoppe.
 28711 | Orc:2    | Found a staircase to the Elven Halls.
 28718 | Orc:2    | Found a roughly hewn altar of Beogh.
 28844 | Orc:2    | Found Uhepiq's General Store.
 29264 | Orc:1    | Offered knowledge of Spellforged Servitor by Vehumet.
 29522 | Orc:2    | Bought an embroidered robe for 118 gold pieces
 29984 | Snake:1  | You fall through a shaft!
 30165 | Snake:2  | Slain by a naga warrior

Vault maps used:
D:1:      dpeg_arrival_rooms_c
D:2:      kiku_gazebo_garden_becter, glass_columns_a, minmay_tiny_reverse_x
D:3:      uniq_natasha
D:4:      minitemple, first_ration, serial_shops, shop_statue,
          biasface_ghost_orc_armoury
D:5:      minmay_temple_entry_poolview
D:6:      basic_altar, uniq_prince_ribbit1
D:7:      kennysheep_decorative_pillar, uniq_joseph, uniq_harold, uniq_menkaure
D:8:      hangedman_pestilent_swarm, uniq_gastronok
D:9:      david_lair_shrubbed, basic_altar, brannock_xom_greatest_gift
D:10:     serial_shops, shop, nicolae_shop_window_shopping, kennysheep_mini_moat
D:11:     minmay_curled_crystal, lemuel_centaur_altar
D:12:     david_orc_5
Temple:   nicolae_temple_figure_eight
Lair:1:   beast_lair_carwin_3, grunt_megastairs_5, serial_bayou_shore_a,
          lemuel_fruit_fields, uniq_sonja
Lair:2:   lab_entry_generic
Lair:3:   guppyfry_snake_entry_island, minmay_holes, serial_bayou_shore_b,
          infiniplex_staircase_pool, uniq_nergalle
Lair:4:   minmay_swamp_entry_reptiles
Lair:6:   evilmike_catoblepas_cave, slime_dummy,
          portal_ice_cave_entry_ice_beasts
Snake:1:  ebering_ghost_rock_garden, nicolae_snake_serpentine_hallways,
          spider_trap
Snake:2:  basic_stair_grate_trap
Orc:1:    serial_shops, shop
Orc:2:    grunt_orc_gardens, grunt_orc_garden, grunt_orc_garden,
          grunt_orc_garden, grunt_orc_garden, basic_altar, uniq_snorg
Lab:      labyrinth_mini_lab, nicolae_lab_x, nicolae_lab_grate,
          nicolae_lab_quarters, labyrinth_lava_lair, nicolae_lab_grate_2
IceCv:    ice_cave_small_necro

Skill      XL: |  1  2  3  4  5  6  7  8  9 10 11 12 13 14 15 |
---------------+----------------------------------------------+-----
Spellcasting   | 3 4 5 6 8 9 10 11 12 13 14 | 14.4
Ice Magic      | 3 4 5 6 8 9 10 11 12 14 | 14.5
Conjurations   | 3 6 8 9 10 11 12 14 | 14.5
Evocations     | 3 |  3.0
Dodging        | |  1.5
Stealth        | |  1.5

Action                   |  1- 3 |  4- 6 |  7- 9 | 10-12 | 13-15 || total
-------------------------+-------+-------+-------+-------+-------++-------
Melee: Dagger            |    11 |    10 |    16 |     5 |    46 ||    88
       Short sword       |     1 |       |       |       |       ||     1
       Quarterstaff      |     1 |       |       |       |       ||     1
       Staff             |       |       |    81 |   216 |   177 ||   474
       Glaive            |       |       |       |       |     8 ||     8
 Fire: Blowgun           |       |       |       |     9 |       ||     9
 Cast: Freeze            |    21 |    41 |   133 |   125 |   114 ||   434
       Throw Icicle      |       |     5 |    88 |   278 |   284 ||   655
       Throw Frost       |       |       |    80 |    10 |     3 ||    93
       Bolt of Cold      |       |       |       |       |   140 ||   140
       Ozocubu's Refrige |       |       |       |       |    60 ||    60
Evoke: Wand              |       |       |    14 |     5 |    35 ||    54
       Phial of floods   |       |       |       |       |     1 ||     1
  Use: Scroll            |     1 |     2 |    11 |    11 |    11 ||    36
 Stab: Sleeping          |     2 |       |       |     1 |       ||     3
       Paralysed         |       |       |       |       |     8 ||     8
       Confused          |       |       |       |       |     3 ||     3
Armor: Robe              |     3 |     6 |    26 |       |       ||    35
       Ring mail         |       |       |    68 |   248 |   376 ||   692
Dodge: Dodged            |    17 |    27 |   192 |   305 |   381 ||   922
       Deflected         |       |       |       |     1 |    21 ||    22

Table legend:
 A = Non-vault XP
 B = Vault XP
 C = Vault XP percentage of total XP
 D = Non-vault monster count
 E = Vault monster count
 F = Vault count percentage of total count
                 A         B        C        D         E       F
            +---------+---------+-------+---------+---------+-------
      Total |   80949 |   44386 |  35.4 |     534 |     171 |  24.3
            +---------+---------+-------+---------+---------+-------
        D:1 |      44 |       0 |   0.0 |      25 |       0 |   0.0
        D:2 |      51 |       3 |   5.6 |       9 |       2 |  18.2
        D:3 |     108 |      35 |  24.5 |      23 |       1 |   4.2
        D:4 |     359 |     394 |  52.3 |      10 |       8 |  44.4
        D:5 |    1013 |     259 |  20.4 |      26 |       1 |   3.7
        D:6 |     375 |       0 |   0.0 |      14 |       0 |   0.0
        D:7 |    1105 |    1617 |  59.4 |      31 |       3 |   8.8
        D:8 |    1691 |    2743 |  61.9 |      34 |       5 |  12.8
        D:9 |     753 |     343 |  31.3 |      25 |       1 |   3.8
       D:10 |    2459 |       0 |   0.0 |      36 |       0 |   0.0
       D:11 |    3101 |     436 |  12.3 |      21 |       4 |  16.0
       D:12 |    4072 |     699 |  14.7 |      24 |      23 |  48.9
     Lair:1 |    1156 |    3215 |  73.6 |       8 |       9 |  52.9
     Lair:2 |    5629 |       0 |   0.0 |      23 |       0 |   0.0
     Lair:3 |    8848 |    1149 |  11.5 |      25 |       3 |  10.7
     Lair:4 |    9203 |     951 |   9.4 |      34 |       4 |  10.5
     Lair:5 |   14826 |       0 |   0.0 |      44 |       0 |   0.0
     Lair:6 |   15941 |   13922 |  46.6 |      48 |      31 |  39.2
    Snake:1 |    1166 |       0 |   0.0 |       2 |       0 |   0.0
    Snake:2 |    5073 |       0 |   0.0 |      10 |       0 |   0.0
      Orc:1 |    2130 |       0 |   0.0 |      29 |       0 |   0.0
      Orc:2 |    1846 |   10222 |  84.7 |      33 |      13 |  28.3
        Lab |       0 |    1894 | 100.0 |       0 |       9 | 100.0
      IceCv |       0 |    6504 | 100.0 |       0 |      54 | 100.0
            +---------+---------+-------+---------+---------+-------
